 Dungeon Crawl Stone Soup version 0.28.0-43-g3370ac3207 (webtiles) character file.

Game seed: 4649104930493179781

27 terff the Cudgeller (level 2, -3/22 HPs)
             Began as a Demonspawn Gladiator on Mar 30, 2022.
             Splashed by a jelly's acid (4 damage)
             ... on level 4 of the Dungeon.
             The game lasted 00:02:36 (1184 turns).

terff the Cudgeller (Demonspawn Gladiator)          Turns: 1184, Time: 00:02:37

Health: -3/22      AC:  9    Str: 14    XL:     2   Next: 93%
Magic:  2/2        EV:  9    Int:  9    God:
Gold:   64         SH:  7    Dex: 16    Spells: 1/1 levels left

rFire   . . .      SeeInvis .   a - +0 flail
rCold   . . .      Faith    .   f - +0 kite shield
rNeg    . . .      Spirit   .   h - +0 chain mail
rPois   .          Reflect  .   c - +0 helmet
rElec   .          Harm     .   (no cloak)
rCorr   .          Rampage  .   (no gloves)
Will    .....                   (no boots)
Stlth   ..........              (no amulet)
HPRegen 0.07/turn               i - +4 ring of evasion
MPRegen 0.08/turn               (no ring)

@: no status effects
A: thin skeletal structure 1
a: no special abilities


You were on level 4 of the Dungeon.
You visited 1 branch of the dungeon, and saw 3 of its levels.

You collected 64 gold pieces.

Inventory:

Hand Weapons
 a - a +0 flail (weapon)
Missiles
 d - 3 throwing nets (quivered)
Armour
 b - a +0 scale mail
 c - a +0 helmet (worn)
 f - a +0 kite shield (worn)
 h - a +0 chain mail (worn)
Jewellery
 i - a +4 ring of evasion (left hand)
Potions
 e - a potion of might
 g - a potion of ambrosia {unknown}
 l - a potion of brilliance {unknown}


   Skills:
 + Level 2.1 Fighting
 + Level 3.3 Maces & Flails
 - Level 1.8 Throwing
 + Level 0.2 Armour
 + Level 2.8 Dodging
 + Level 0.3 Stealth
 + Level 0.5 Shields


You had one spell level left.
You didn't know any spells.
Your spell library was empty.

Dungeon Overview and Level Annotations

Branches:
Dungeon (2/15)

Altars:
Trog

Annotations:
D:2 Natasha, Terence


Innate Abilities, Weirdness & Mutations

You have a somewhat thin skeletal structure. (Dex +2, Stealth+)


Message History

The jackal bites you but does no damage.
The jackal bites you but does no damage.
You block the jackal's attack.
The crimson imp blinks!
The jackal closely misses you.
The jackal bites you but does no damage.
Terence the Incautious comes into view.
He is wielding a +1 hand axe of flaming.
Found a stone staircase leading down.
Terence shouts!
Terence drinks a potion.
Terence seems to grow stronger.
The jackal bites you. Terence closely misses you. The jackal barely misses you.
The jackal bites you but does no damage.
There is a shaft here.
You fall into a shaft and drop 2 floors!
The shaft crumbles and collapses.
Found a hunting sling.
Found a stone staircase leading up.
You open the door.
A sourceless malevolence fills the Dungeon... and a teleportation trap spontaneously manifests!
You are yanked towards a nearby monster!
Your surroundings suddenly seem different.
A jelly comes into view.
Found 7 gold pieces and a flail.
The jelly quivers.
The jelly hits you but does no damage.
Found 6 gold pieces.
Found a bloodstained altar of Trog.
Found a scroll labelled FEBY RIFAOSOLY.
Found 7 gold pieces.
You see here 6 gold pieces.
You hit the jelly.
Your hands burn!
The jelly is lightly wounded.
The jelly hits you but does no damage. x2
You hit the jelly.
Your hands burn!
The jelly is moderately wounded.
You block the jelly's attack.
You barely miss the jelly.
The jelly is moderately wounded.
You block the jelly's attack. The jelly hits you.
You are splashed with acid.
* * * LOW HITPOINT WARNING * * *
You hit the jelly.
Your hands burn!
You die...

########################
#...........?#..........
#............#..........
#............#..........
#......@J...............
#...............$.......
#.......#######.........
####..#...........###...
##+#.#.###.#..)# ...
...#.....#....# ...
....#.._..#....#
.$..#.....#....#


You could see a jelly.

Vanquished Creatures
  A dart slug (D:1)
  6 bats (D:1)
  2 endoplasms (D:1)
  A giant cockroach (D:1)
  5 goblins (D:1)
  3 jackals (D:2)
  A kobold (D:1)
  3 rats (D:1)
22 creatures vanquished.

Notes
Turn   | Place    | Note
-------+----------+-------------------------------------------
     0 | D:1      | terff the Demonspawn Gladiator began the quest for the Orb.
     0 | D:1      | Reached XP level 1. HP: 16/16 MP: 1/1
   194 | D:1      | Reached skill level 3 in Maces & Flails
   450 | D:1      | Gained mutation: You have a somewhat thin skeletal
                  | structure. (Dex +2, Stealth+) [demonic ancestry]
   450 | D:1      | Reached XP level 2. HP: 22/22 MP: 2/2
   802 | D:1      | Found a faded altar of an unknown god.
  1116 | D:2      | Noticed Natasha
  1129 | D:2      | Noticed a crimson imp
  1130 | D:2      | Noticed a crimson imp
  1140 | D:2      | Noticed a crimson imp
  1142 | D:2      | Noticed a crimson imp
  1158 | D:2      | Noticed Terence
  1163 | D:2      | You fall into a shaft and drop 2 floors!
  1163 | D:4      | Noticed a phantom
  1173 | D:4      | Found a bloodstained altar of Trog.
  1183 | D:4      | HP: 1/22 [acid (6)]
  1184 | D:4      | Splashed by a jelly's acid

Illustrated notes

Levels and vault maps discovered:
D:1:      psy_arrival_radial01, layout_basic,
          hellmonk_ecumenical_altar_pennies_from_heaven, minmay_pentomino_x2
D:2:      minmay_diamond_boxcup, layout_basic, hangedman_decor_slide_cut,
          patterned_corridor, uniq_natasha, uniq_terence
D:4:      layout_gridville, mainiacjoe_overflow_cross_hatched, grunt_tough_drop

Skill      XL: |  1 |
---------------+----+-----
Maces & Flails | 3 |  3.3
Fighting       | |  2.1
Throwing       | |  1.8
Armour         | |  0.2
Dodging        | |  2.8
Stealth        | |  0.3
Shields        | |  0.5

Action                   || total
-------------------------++-------
Melee: Flail             ||    68
  Use: Scroll            ||     2
Armor: Leather armour    ||    16
       Chain mail        ||    47
Dodge: Dodged            ||    50
Block: Kite shield       ||    42
